 Dungeon Crawl Stone Soup version 0.23.2-1-ga50397a6bc (webtiles) character file.

Game seed: 7203134422045878492

924 Mrkan the Ruffian (level 7, -8/71 HPs)
             Began as a Troll Monk on May 19, 2019.
             Was a Priest of Dithmenos.
             Mangled by an ogre
             ... wielding a +0 giant club
              (18 damage)
             ... on level 4 of the Dungeon.
             The game lasted 00:07:06 (3792 turns).

Mrkan the Ruffian (Troll Monk)                      Turns: 3792, Time: 00:07:07

Health: -8/71      AC:  6    Str: 22    XL:     7   Next: 84%
Magic:  8/8        EV:  9    Int:  6    God:    Dithmenos [***...]
Gold:   248        SH:  0    Dex: 12    Spells: 6/6 levels left

rFire    . . .     SeeInvis .     - Unarmed
rCold    . . .     Gourm    +   (no shield)
rNeg     . . .     Faith    .   a - +0 robe
rPois    .         Spirit   .   (helmet restricted)
rElec    .         Reflect  .   (no cloak)
rCorr    .         Harm     .   (gloves unavailable)
MR       .....                  (boots unavailable)
Stlth    ++........             (no amulet)
HPRegen  0.61/turn              (no ring)
MPRegen  0.11/turn              (no ring)

@: starving, wreathed by umbra, heavily drained
A: large, unfitting armour, claws 3, fast metabolism 3, gourmand, regeneration
1, shaggy fur 1, tough skin 3
a: Shadow Step, Renounce Religion


You were on level 4 of the Dungeon.
You worshipped Dithmenos.
Dithmenos was most pleased with you.
You were starving.

You visited 1 branch of the dungeon, and saw 5 of its levels.
You also visited: Sewer.

You collected 248 gold pieces.

Inventory:

Armour
 a - a +0 robe (worn)
Jewellery
 d - a cursed ring of teleportation {unknown}
 i - an uncursed ring of see invisible {unknown}
Scrolls
 e - 2 scrolls of noise {unknown}
 g - 6 scrolls of remove curse {unknown}
 k - 10 scrolls of identify {unknown}
 n - a scroll of enchant armour {unknown}
 o - a scroll of amnesia {unknown}
 p - a scroll of immolation {unknown}
 t - 4 scrolls of teleportation {unknown}
 w - a scroll of blinking {unknown}
Potions
 c - 2 potions of resistance {unknown}
 f - a potion of lignification {unknown}
 h - 2 potions of magic {unknown}
 j - 7 potions of curing {unknown}
 l - 2 potions of agility {unknown}
 m - 3 potions of haste {unknown}
 q - a potion of mutation {unknown}
 r - 4 potions of might {unknown}
 s - a potion of heal wounds {unknown}
 u - 2 potions of brilliance {unknown}
 v - a potion of flight {unknown}
Comestibles
 b - 6 rations


   Skills:
 + Level 4.5(1.6) Fighting
 - Level 2.4(0.0) Dodging
 - Level 1.0(0.0) Stealth
 * Level 7.4(4.2) Unarmed Combat
 + Level 3.1(0.3) Invocations


You had 6 spell levels left.
You didn't know any spells.
Your spell library was empty.

Dungeon Overview and Level Annotations

Branches:
Dungeon (5/15)             Temple (0/1) D:4

Altars:
Dithmenos
Trog
Xom


Innate Abilities, Weirdness & Mutations

You are too large for most types of armour.
You have claws for hands.
Your metabolism is lightning-fast.
You like to eat raw meat.
Your natural rate of healing is unusually fast.
You are covered in fur. (AC +1)
You have extremely tough skin. (AC +3)


Message History

You scratch the ogre but do no damage.
The ogre is severely wounded.
The ogre hits you with a +0 giant club!
You scratch the ogre.
The ogre is severely wounded.
The ogre hits you with a +0 giant club!!
You barely miss the ogre.
The ogre is severely wounded.
You barely miss the ogre.
The ogre is severely wounded.
The ogre barely misses you.
You closely miss the ogre.
The ogre is severely wounded.
You are starving!
The ogre hits you with a +0 giant club!
* * * LOW HITPOINT WARNING * * *
You barely miss the ogre.
The ogre is severely wounded.
The ogre hits you with a +0 giant club!!
You die...

##### #...#### #......#
#..^^^.# #..^_..#
##..^^^.#############
####............@Oo....#
.........##.######.###.#
####........######.###.###
#.....#####...........#
#.....# #.###.###.#)#
#######.## #.###.###.#.#
........######.##...##.#.##
######.........##.........#
#.##########..<##.#..#


You could see an ogre and an orc.

Vanquished Creatures
  An ice beast (D:5)
  2 big kobolds (Sewer)
  A bullfrog zombie (D:4)
  An orc priest (D:5)
  A hound (D:4)
  5 orc wizards
  A bullfrog skeleton (D:4)
  An iguana (D:4)
  3 worker ants
  3 gnolls (D:3)
  9 river rats (Sewer)
  7 adders
  A shadow imp (D:5)
  2 oozes
  An adder skeleton (D:4)
  2 worms
  5 dart slugs
  3 leopard geckos
  4 orcs
  6 giant cockroaches
  9 goblins
  9 hobgoblins
  3 jackals (D:1)
  21 kobolds
  2 quokkas
  6 ball pythons
  6 bats
  11 frilled lizards
  24 rats
150 creatures vanquished.

Notes
Turn   | Place    | Note
-------+----------+-------------------------------------------
     0 | D:1      | Mrkan the Troll Monk began the quest for the Orb.
     0 | D:1      | Reached XP level 1. HP: 22/22 MP: 0/0
   117 | D:1      | Reached XP level 2. HP: 29/29 MP: 1/1
   344 | D:1      | Reached XP level 3. HP: 36/36 MP: 2/2
   422 | D:1      | Reached skill level 4 in Unarmed Combat
   677 | D:2      | Found a bloodstained altar of Trog.
   839 | D:2      | Reached XP level 4. HP: 44/45 MP: 3/3
  1009 | D:2      | Found a shadowy altar of Dithmenos.
  1308 | D:3      | Found a shadowy altar of Dithmenos.
  1317 | D:3      | Became a worshipper of Dithmenos the Shadowed
  1317 | D:3      | Reached * piety under Dithmenos
  1317 | D:3      | Reached ** piety under Dithmenos
  1328 | D:3      | Reached skill level 5 in Unarmed Combat
  1328 | D:3      | Reached XP level 5. HP: 53/53 MP: 4/4
  2086 | D:4      | Reached skill level 1 in Invocations
  2100 | D:4      | Found a staircase to the Ecumenical Temple.
  2110 | D:4      | Reached XP level 6. HP: 7/62 MP: 5/5
  2192 | D:4      | Found a shimmering altar of Xom.
  2250 | D:4      | Found a glowing drain.
  2265 | Sewer    | Entered a sewer
  2397 | Sewer    | Reached *** piety under Dithmenos
  2449 | Sewer    | Reached skill level 6 in Unarmed Combat
  2678 | Sewer    | Reached XP level 7. HP: 58/70 MP: 7/7
  3391 | D:5      | Entered Level 5 of the Dungeon
  3420 | D:5      | Reached skill level 7 in Unarmed Combat
  3792 | D:4      | Mangled by an ogre

Skill      XL: |  1  2  3  4  5  6  7 |
---------------+----------------------+-----
Unarmed Combat | 4 5 6 7 |  7.4
Fighting       | 3 4 |  4.5
Invocations    | 1 2 3 |  3.1
Dodging        | |  2.4
Stealth        | |  1.0

Action                   |  1- 3 |  4- 6 |  7- 9 || total
-------------------------+-------+-------+-------++-------
Melee: Unarmed           |   102 |   229 |    76 ||   407
       Punch             |     1 |     5 |     1 ||     7
 Stab: Sleeping          |     4 |       |     2 ||     6
  Eat: Chunk             |     4 |    14 |     2 ||    20
       Ration            |       |     1 |     2 ||     3
Armor: Robe              |    43 |   110 |    32 ||   185
Dodge: Dodged            |    66 |   188 |    59 ||   313
